 Dungeon Crawl Stone Soup version 0.24.1-14-gf8d2b509d9 (console) character file.

Game seed: 5456697571987695089, levelgen mode: deterministic

1826 Kagalorn the Insei (level 9, -4/58 HPs)
             Began as an Octopode Transmuter on July 22, 2020.
             Was an Initiate of Gozag.
             Slain by an orc warrior
             ... wielding a +0 halberd
              (18 damage)
             ... on level 6 of the Dungeon.
             The game lasted 00:18:42 (7678 turns).

Kagalorn the Insei (Octopode Transmuter)            Turns: 7678, Time: 00:18:45

Health: -4/58      AC:  1    Str:  9    XL:     9   Next: 11%
Magic:  17/17      EV: 16    Int: 18    God:    Gozag
Gold:   964        SH:  0    Dex: 16    Spells: 10/18 levels left

rFire    . . .     SeeInvis .     - Unarmed
rCold    + . .     Gourm    .   (no shield)
rNeg     + . .     Faith    .   (helmet restricted)
rPois    +         Spirit   .   n - amulet of magic regeneration
rElec    .         Reflect  .   i - +3 ring of dexterity
rCorr    .         Harm     .   k - ring of protection from magic
MR       +....                  b - ring of protection from cold
Stlth    ++........             p - ring of poison resistance
HPRegen  0.19/turn              C - ring of positive energy
MPRegen  0.40/turn              (no ring)
                                (no ring)
                                (no ring)

@: no status effects
A: almost no armour, stealthy swim, amphibious, 8 rings, constrict 8, camouflage
1, gelatinous body 1
a: Potion Petition, Call Merchant, Bribe Branch, Renounce Religion


You were on level 6 of the Dungeon.
You worshipped Gozag.
Gozag was pleased with you.
You were very hungry.

You visited 2 branches of the dungeon, and saw 8 of its levels.

You collected 993 gold pieces.
You paid 29 gold pieces to Gozag.

Inventory:

Missiles
 a - 62 arrows
 e - 211 stones (quivered)
 g - 3 javelins
 l - 16 poisoned darts
 r - 24 bolts
Armour
 y - a +0 large shield
Magical Staves
 h - an uncursed staff of air
Jewellery
 b - a ring of protection from cold (on tentacle)
 i - a +3 ring of dexterity (left tentacle)
 k - a ring of protection from magic (right tentacle)
 n - an amulet of magic regeneration (around mantle)
 p - a ring of poison resistance (on tentacle)
 C - a ring of positive energy (on tentacle)
Wands
 s - a wand of random effects (17)
 A - a wand of iceblast (11)
 E - a wand of flame (7)
Scrolls
 f - a scroll of enchant weapon
 j - a scroll of blinking
 m - a scroll of enchant armour
 t - 3 scrolls of teleportation
 u - 6 scrolls of remove curse
 z - a scroll of fear
 B - a scroll of amnesia
 D - a scroll of identify
Potions
 o - a potion of heal wounds
 q - a potion of flight
 v - a potion of curing
 w - a potion of ambrosia
 x - a potion of cancellation
 F - a potion of lignification {unknown}
Comestibles
 c - 5 rations


   Skills:
 + Level 3.9 Fighting
 + Level 4.5 Dodging
 * Level 6.4 Unarmed Combat
 * Level 5.4 Spellcasting
 + Level 4.4 Transmutations
 + Level 2.1 Ice Magic
 - Level 4.0 Poison Magic


You had 10 spell levels left.
You knew the following spells:

 Your Spells              Type           Power        Failure   Level  Hunger
a - Beastly Appendage     Tmut           ###...       1%          1    None
b - Spider Form           Tmut/Pois      ###.......   7%          3    ##.....
c - Ice Form              Ice/Tmut       ###.....     32%         4    ####...

Your spell library contained the following spells:

 Spells                   Type           Power        Failure   Level  Hunger
 Sticks to Snakes         Tmut           ###.....     3%          2    #......
 Animate Skeleton         Necr           N/A          13%         1    None
 Apportation              Tloc           #.....       13%         1    None
 Confusing Touch          Hex            #.....       13%         1    None
 Summon Small Mammal      Summ           #...         13%         1    None
 Blade Hands              Tmut           ###.......   50%         5    ######.


Dungeon Overview and Level Annotations

Branches:
Dungeon (7/15)             Temple (1/1) D:5

Altars:
Ashenzari
Cheibriados
Fedhas
Gozag
Hepliaklqana
Kikubaaqudgha
Makhleb
Nemelex Xobeh
Okawaru
Ru
Sif Muna
Trog
Uskayaw
Vehumet
Wu Jian
Xom
Yredelemnul
Zin
The Shining One

Shops:
D:2 *

Annotations:
D:5 2 transporters


Innate Abilities, Weirdness & Mutations

You cannot wear most types of armour.
You are very stealthy in the water. (Stealth+)
You are amphibious.
You can wear up to eight rings at the same time.
You can use your tentacles to constrict eight enemies at once.
Your skin changes colour to match your surroundings (Stealth+).
Your rubbery body absorbs attacks. (AC +1, EV +1)


Message History

Press: ? - help, Shift-Dir - straight line, f - bullfrog
Aim: a bullfrog (lightly wounded)
You throw a curare-tipped dart.
The curare-tipped dart closely misses the bullfrog.
The bullfrog hits you.
* * * LOW HITPOINT WARNING * * *
Press: ? - help, v - describe, . - travel, g - get item
Here: a bullfrog (lightly wounded)
A curare-tipped dart.
The floor, spattered with blood.
Throwing (i - inventory. (/) - cycle)
d - a curare-tipped dart (quivered)
Press: ? - help, Shift-Dir - straight line, f/p - bullfrog
Aim: a bullfrog (lightly wounded)
You throw a curare-tipped dart.
The curare-tipped dart closely misses the bullfrog.
You are feeling very hungry.
The bullfrog closely misses you.
The orc warrior hits you from afar with a +0 halberd!!
You die...
Your body crumbles into a pile of gold.

##.##
####[#. #..#
##....##
#.##
##......#
##..##
#........
#....##
##.......
#.....#
#.......
##.....##
#.......
#.......#
##......
#.@.....#
#......
##F.......#
##.....
#o#.......#
##...#
##o##......#
#####
#..##......#
#.####.....#
##.# ##.....
#..# ###....
##.## ##


You could see 2 orc warriors and a bullfrog.

Vanquished Creatures
  A hippogriff (D:4)
  Menkaure (D:4)
  Edmund (D:6)
  A black bear (D:6)
  3 ogres
  A scorpion (D:6)
  A howler monkey (D:2)
  2 crimson imps
  A bullfrog zombie (D:5)
  2 hounds (D:4)
  2 jellies
  5 orc priests
  7 orc wizards
  A bullfrog skeleton (D:5)
  5 worker ants
  A hound zombie (D:6)
  A worker ant zombie (D:3)
  8 adders
  A shadow imp (D:6)
  2 oozes
  An adder zombie (D:5)
  An adder skeleton (D:4)
  2 worms (D:2)
  2 dart slugs
  4 leopard geckos
  31 orcs
  3 ball pythons
  6 bats
  6 giant cockroaches
  13 goblins
  9 hobgoblins
  12 jackals
  2 quokkas
  7 frilled lizards
  A giant cockroach zombie (D:5)
  A jackal skeleton (D:7)
  9 kobolds
  10 rats
167 creatures vanquished.

Notes
Turn   | Place    | Note
-------+----------+-------------------------------------------
     0 | D:1      | Kagalorn the Octopode Transmuter began the quest for the
                  | Orb.
     0 | D:1      | Reached XP level 1. HP: 13/13 MP: 3/3
   157 | D:1      | Reached XP level 2. HP: 16/18 MP: 5/5
   398 | D:1      | Reached XP level 3. HP: 23/23 MP: 6/6
   635 | D:2      | Learned a level 3 spell: Spider Form
   762 | D:2      | Reached XP level 4. HP: 20/28 MP: 7/7
   992 | D:2      | Found an opulent altar of Gozag.
   992 | D:2      | Found Gozag's Platinum Reserve.
  1027 | D:2      | Became a worshipper of Gozag Ym Sagoz the Greedy
  1098 | D:2      | Found a snail-covered altar of Cheibriados.
  1289 | D:2      | Found an ancient bone altar of Kikubaaqudgha.
  1593 | D:2      | Reached XP level 5. HP: 23/34 MP: 7/9
  1826 | D:2      | Reached skill level 4 in Unarmed Combat
  1826 | D:2      | Reached skill level 1 in Poison Magic
  2471 | D:3      | Reached XP level 6. HP: 36/39 MP: 10/10
  2985 | D:3      | Reached XP level 7. HP: 42/45 MP: 12/12
  2987 | D:3      | Found a shimmering altar of Xom.
  3389 | D:3      | Found a blossoming altar of Fedhas.
  3391 | D:3      | Found an ornate altar of the Wu Jian Council.
  3392 | D:3      | Found an iron altar of Okawaru.
  3599 | D:4      | Noticed Menkaure
  3619 | D:4      | Killed Menkaure
  3619 | D:4      | Reached skill level 5 in Unarmed Combat
  3627 | D:4      | HP: 2/45 [orc/+0 mace (3)]
  3861 | D:4      | Noticed a hippogriff
  3901 | D:4      | Killed a hippogriff
  3901 | D:4      | Reached XP level 8. HP: 35/52 MP: 12/14
  4047 | D:4      | Learned a level 4 spell: Ice Form
  4467 | D:5      | Entered Level 5 of the Dungeon
  4480 | D:5      | Found a transporter.
  4872 | D:5      | Found a staircase to the Ecumenical Temple.
  4879 | D:5      | Reached skill level 1 in Ice Magic
  4931 | Temple   | Entered the Ecumenical Temple
  5479 | D:5      | Found a transporter.
  5547 | D:5      | You fall into a shaft and drop 2 floors!
  5616 | D:6      | Noticed Edmund
  5933 | D:6      | Found a burning altar of Makhleb.
  6816 | D:6      | Reached skill level 6 in Unarmed Combat
  6816 | D:6      | Reached skill level 5 in Spellcasting
  7371 | D:6      | Reached XP level 9. HP: 47/58 MP: 16/16
  7433 | D:6      | Killed Edmund
  7678 | D:6      | Slain by an orc warrior

Levels and vault maps discovered:
D:1:      elethiomel_arrival_quiet, layout_loops_ring
D:2:      layout_basic, nicolae_gozag_zags_fifth_avenue,
          kiku_gazebo_garden_becter, first_ration, kennysheep_slug_shrine
D:3:      layout_loops_corners, xom_butterflies, minitemple, grunt_ministairs_7
D:4:      layout_basic, minmay_between, uniq_menkaure
D:5:      gammafunk_cloud_chamber, layout_rooms,
          minmay_temple_entry_stoned_glass
D:6:      layout_cave_pods, makhleb_grotto_becter, minmay_splitting_lines,
          uniq_edmund
D:7:      minmay_the_grid_plus_closed [minmay_the_grid_fan,
          minmay_the_grid_eight, minmay_the_grid_broken_lines,
          minmay_the_grid_box_x, minmay_the_grid_prize_shrinking_boxes],
          layout_loops_cross, the_bakery, minmay_shattered_shrine
Temple:   minmay_temple_forest_path

Skill      XL: |  1  2  3  4  5  6  7  8  9 |
---------------+----------------------------+-----
Unarmed Combat | 4 5 6 |  6.4
Poison Magic   | 1 2 4 |  4.0
Fighting       | 2 3 |  3.9
Spellcasting   | 3 4 5 |  5.4
Dodging        | 3 4 |  4.5
Transmutations | 3 4 |  4.4
Ice Magic      | 1 2 |  2.1

Action                   |  1- 3 |  4- 6 |  7- 9 || total
-------------------------+-------+-------+-------++-------
Melee: Unarmed           |    67 |   160 |   217 ||   444
       Constrict         |    25 |    48 |    44 ||   117
       Tentacles         |     6 |    24 |    34 ||    64
       Kick              |    17 |    45 |    57 ||   119
       Punch             |     2 |     2 |     8 ||    12
Throw: Dart              |       |       |     5 ||     5
 Cast: Beastly Appendage |    12 |    29 |    28 ||    69
       Spider Form       |       |     1 |     6 ||     7
Evoke: Wand              |       |       |     4 ||     4
  Use: Scroll            |     1 |     4 |     8 ||    13
       Potion            |       |       |     1 ||     1
 Stab: Sleeping          |     2 |     7 |     5 ||    14
  Eat: Chunk             |       |     1 |       ||     1
       Ration            |       |     2 |     4 ||     6
Armor: Skin              |     8 |    13 |    12 ||    33
Dodge: Dodged            |    53 |    78 |   142 ||   273
